 Dungeon Crawl Stone Soup version 0.29-a0-222-g5b244fca1f (webtiles) character file.

Game seed: 9065432774277970048

3612 Azmakalis the Tainter (level 10, -2/56 HPs)
             Began as an Octopode Venom Mage on Feb 27, 2022.
             Was an Initiate of Vehumet.
             Killed from afar by an electric eel (12 damage)
             ... with a bolt of electricity
             ... on level 7 of the Dungeon.
             The game lasted 00:35:56 (10633 turns).

Azmakalis the Tainter (Octopode Venom Mage)        Turns: 10633, Time: 00:35:56

Health: -2/56      AC:  1    Str:  7    XL:     10   Next: 11%
Magic:  12/17      EV: 13    Int: 23    God:    Vehumet [......]
Gold:   370        SH:  0    Dex: 12    Spells: 5/19 levels left

rFire   . . .      SeeInvis +   q - +8 mace of the Eggplant {vamp, rCorr}
rCold   . . .      Faith    .   (no shield)
rNeg    . . .      Spirit   .   (helmet restricted)
rPois   .          Reflect  .   (no amulet)
rElec   .          Harm     .   S - ring of see invisible
rCorr   +          Rampage  .   (no ring)
Will    .....                   (no ring)
Stlth   +++.......              (no ring)
HPRegen 0.18/turn               (no ring)
MPRegen 0.15/turn               (no ring)
                                (no ring)
                                (no ring)

@: no status effects
A: almost no armour, amphibious, 8 rings, camouflage 1, gelatinous body 1,
(nimble swimmer 1), tentacles
a: Renounce Religion


You were on level 7 of the Dungeon.
You worshipped Vehumet.
Vehumet was noncommittal.
You visited 2 branches of the dungeon, and saw 8 of its levels.
You also visited: Sewer.

You collected 440 gold pieces.
You spent 70 gold pieces at shops.

Inventory:

Hand Weapons
 q - the +8 mace of the Eggplant (weapon) {vamp, rCorr}
   (You found it on level 4 of the Dungeon)

   It occasionally heals its wielder for a portion of the damage dealt when it
   wounds a living foe.
   rCorr:     It protects you from acid and corrosion.
 r - a +3 quarterstaff of chaos
Armour
 u - a +0 buckler
Magical Staves
 v - a staff of death {rN+}
Jewellery
 S - a ring of see invisible (left tentacle)
Wands
 i - a wand of iceblast (12)
 l - a wand of acid (19)
 p - a wand of flame (1)
Scrolls
 c - a scroll of enchant weapon {unknown}
 e - a scroll of fear
 f - 2 scrolls of fog
 j - a scroll of magic mapping {unknown}
 m - 2 scrolls of blinking {unknown}
 o - a scroll of vulnerability {unknown}
 t - 3 scrolls of teleportation
 x - a scroll of noise {unknown}
Potions
 a - 5 potions of curing
 b - 4 potions of flight
 d - a potion of lignification {unknown}
 g - 2 potions of haste
 h - a potion of brilliance {unknown}
 k - a potion of might {unknown}
 n - a potion of magic {unknown}
 s - a potion of mutation {unknown}
 w - a potion of invisibility {unknown}


   Skills:
 - Level 2.0 Dodging
 - Level 2.6 Stealth
 - Level 5.1 Spellcasting
 - Level 8.0 Conjurations
 + Level 6.4 Hexes
 - Level 1.0 Transmutations
 - Level 5.1 Earth Magic
 - Level 8.2 Poison Magic


You had 5 spell levels left.
You knew the following spells:

 Your Spells              Type           Power      Damage    Failure   Level
a - Sting                 Tmut/Pois      100%       1d8       1%          1
b - Poisonous Vapours     Pois/Air       48%        N/A       2%          2
c - Olgreb's Toxic Radia  Pois           43%        N/A       3%          4
d - Ensorcelled Hibernat  Hex/Ice        40%        N/A       3%          2
w - Passwall              Tmut/Erth      15%        N/A       4%          2
x - Mephitic Cloud        Conj/Pois/Air  30%        N/A       3%          3

Your spell library contained the following spells:

 Spells                   Type           Power      Damage    Failure   Level
 Shock                    Conj/Air       96%        1d9       1%          1
 Summon Guardian Golem    Hex/Summ       20%        N/A       8%          3
 Summon Small Mammal      Summ           20%        N/A       10%         1
 Corpse Rot               Necr/Air       10%        N/A       14%         2
 Call Canine Familiar     Summ           5%         N/A       28%         3
 Swiftness                Air            5%         N/A       28%         3
 Airstrike                Air            2%         N/A       67%         4


Dungeon Overview and Level Annotations

Branches:
Dungeon (7/15)             Temple (1/1) D:6           Sewer (visited)

Altars:
Dithmenos
Kikubaaqudgha
Okawaru
Qazlal
Uskayaw
Vehumet
The Shining One

Shops:
D:6 ?


Innate Abilities, Weirdness & Mutations

You cannot wear most types of armour.
You are amphibious.
You can wear up to eight rings at the same time.
Your skin changes colour to match your surroundings (Stealth+).
Your rubbery body absorbs attacks. (AC +1, EV +1)
((You are camouflaged when in or above water. (Stealth+)))
You have tentacles for arms and can constrict up to eight enemies at once.


Message History

The electric eel shoots out a bolt of lightning at you!
The bolt of electricity hits you!
* * * LOW HITPOINT WARNING * * *
You take 24 damage, and have 22/56 hp.
MASSIVE DAMAGE!!
You now have 13/17 mp.
Unknown command.
An electric eel comes into view.
You kill the electric eel!
The electric eel shoots out a bolt of lightning at you!
The bolt of electricity hits you!
* * * LOW HITPOINT WARNING * * *
You take 15 damage, and have 7/56 hp.
MASSIVE DAMAGE!!
Unknown command.
As you read the scroll of fog, it crumbles to dust.
The scroll dissolves into smoke.
Okay, then.
As you read the scroll of teleportation, it crumbles to dust.
You feel strangely unstable.
Aim: an electric eel (black smoke, chance to affect: 86%)
Okay, then.
Aim: an electric eel (black smoke, chance to affect: 62%)
Okay, then.
Aim: an electric eel (black smoke, chance to affect: 86%)
Okay, then.
Some shallow water.
There is a cloud of black smoke here.
Okay, then.
Aim: an electric eel (black smoke, chance to affect: 86%)
The ball explodes into a vile cloud!
The stinking cloud engulfs the electric eel but does no damage.
Your surroundings suddenly seem different.
You now have 11/17 mp.
A phantom comes into view.
The electric eel shoots out a bolt of lightning at you!
The bolt of electricity misses you.
The electric eel shoots out a bolt of lightning at you!
The bolt of electricity hits you!
You die...

≈≈♣♣
♣♣..W.#)##..#
≈≈♣S♣♣≈≈≈..# W.
.≈≈≈≈......# #.#
.≈P....#...####.#
P^.............#
#........#######
#.###.#.##
#.......#
#####@### #.# #.#
#.# #.# #.# #.#
#.#


You could see an electric eel.

Levels and vault maps discovered:
D:1:      mrwooster_arrival_statue, layout_loops_corners,
          dreamdust_ecumenical_altar_grove
D:2:      layout_basic
D:3:      layout_rooms, ebering_ghost_sewer_d, minmay_misc_feat_more_columns
D:4:      old_forge, layout_cave_pods, uniq_blork_the_orc,
          uniq_crazy_yiuf_cottage
D:5:      layout_loops_cross, portal_sewer_entry_c, skrybe_limestone_x,
          minmay_misc_feat_ornament, minivault_24, hex_tiny, uniq_duvessa,
          uniq_eustachio, uniq_sigmund
D:6:      layout_loops_ring, minmay_temple_entry_arrows, serial_shops, shop,
          kennysheep_big_empty_room, uniq_maggie
D:7:      layout_loops_cross, serial_bayou_pond_c, serial_bayou_lake_a,
          uniq_prince_ribbit1
Temple:   mainiacjoe_temple_circle_huts

Notes
Turn   | Place    | Note
-------+----------+-------------------------------------------
     0 | D:1      | Azmakalis the Octopode Venom Mage began the quest for the
                  | Orb.
     0 | D:1      | Reached XP level 1. HP: 11/11 MP: 3/3
    20 | D:1      | Identified a +0 whip
    24 | D:1      | Identified a +0 club
   234 | D:1      | Identified a +0 club
   259 | D:1      | Reached skill level 4 in Poison Magic
   404 | D:1      | Identified a +0 dagger
   411 | D:1      | Reached XP level 2. HP: 9/17 MP: 5/5
   414 | D:1      | Learned a level 2 spell: Poisonous Vapours
   643 | D:1      | Identified a +0 trident
   829 | D:1      | Identified a +0 club
   937 | D:1      | Identified a +0 dagger
  1049 | D:1      | Identified a +0 club
  1134 | D:1      | Found a faded altar of an unknown god.
  1166 | D:1      | Reached XP level 3. HP: 14/21 MP: 1/6
  1170 | D:1      | Learned a level 3 spell: Mephitic Cloud
  1274 | D:1      | Reached skill level 5 in Poison Magic
  1636 | D:1      | Identified a +0 dagger
  1707 | D:2      | Identified a +0 short sword
  2015 | D:2      | Identified a +0 short sword
  2176 | D:2      | Identified a +0 club
  2198 | D:2      | Identified a +0 club
  2308 | D:2      | Identified a +0 short sword
  2555 | D:3      | Reached XP level 4. HP: 27/27 MP: 2/7
  2736 | D:3      | Reached skill level 6 in Poison Magic
  2894 | D:3      | Identified a +0 club
  3095 | D:3      | Identified a +0 club
  3207 | D:3      | Identified a +0 dagger
  3209 | D:3      | Identified a +0 club
  3375 | D:3      | Noticed a bullfrog
  3376 | D:3      | Found a runed translucent door.
  3377 | D:3      | Noticed Colgate's ghost (amateur DsCj)
  3546 | D:4      | Identified a +0 mace
  3546 | D:4      | Identified a +0 robe
  3546 | D:4      | Noticed Blork the orc
  3816 | D:4      | Identified the +8 mace of the Eggplant {vamp, rCorr}
  3855 | D:4      | Reached skill level 3 in Spellcasting
  3855 | D:4      | Reached XP level 5. HP: 25/31 MP: 4/9
  3947 | D:4      | Identified a +0 flail
  3947 | D:4      | Identified a +0 ring mail
  3948 | D:4      | Identified a +0 mace
  4128 | D:4      | Learned a level 4 spell: Olgreb's Toxic Radiance
  4129 | D:4      | Identified a +0 trident
  4351 | D:4      | Noticed a black bear
  4365 | D:4      | Killed Blork the orc
  4366 | D:4      | Reached skill level 4 in Spellcasting
  4366 | D:4      | Reached XP level 6. HP: 36/36 MP: 3/12
  4396 | D:4      | Killed a black bear
  4397 | D:4      | Reached skill level 5 in Spellcasting
  4400 | D:4      | Learned a level 2 spell: Passwall
  4403 | D:4      | Learned a level 2 spell: Ensorcelled Hibernation
  4576 | D:4      | Identified a +0 club
  4627 | D:4      | Identified a ring of see invisible
  4674 | D:4      | Reached skill level 1 in Hexes
  5029 | D:4      | Found a runed translucent door.
  5030 | D:4      | Identified a +3 quarterstaff of chaos
  5030 | D:4      | Identified a +0 cloak
  5030 | D:4      | Noticed Crazy Yiuf
  5092 | D:4      | Killed Crazy Yiuf
  5334 | D:4      | Reached skill level 2 in Hexes
  5336 | D:4      | Reached XP level 7. HP: 31/41 MP: 1/14
  5337 | D:4      | Reached skill level 3 in Hexes
  5434 | D:4      | Identified a -2 war axe
  5434 | D:4      | Identified a -2 vorpal long sword
  5434 | D:4      | Identified a -3 short sword
  5434 | D:4      | Identified a -1 eveningstar
  5494 | D:5      | Entered Level 5 of the Dungeon
  5495 | D:5      | Identified 4 scrolls of identify
  5495 | D:5      | Identified 3 scrolls of fog
  5496 | D:5      | Identified 4 potions of curing
  5497 | D:5      | Identified 2 potions of heal wounds
  5498 | D:5      | Identified a scroll of immolation
  5574 | D:5      | Identified a +0 short sword
  5579 | D:5      | Identified a +0 dagger of holy wrath
  5579 | D:5      | Identified a +0 robe
  5581 | D:5      | Identified a +0 flail
  5582 | D:5      | Identified a +0 hand axe
  5606 | D:5      | Identified a +0 scythe
  5606 | D:5      | Identified a +0 robe
  5606 | D:5      | Noticed Sigmund
  5613 | D:5      | Identified a +0 mace
  5701 | D:5      | Identified a +0 falchion
  5701 | D:5      | Identified a +0 leather armour
  5701 | D:5      | Noticed Eustachio
  5710 | D:5      | Killed Eustachio
  5711 | D:5      | Reached skill level 4 in Hexes
  5723 | D:5      | Found a glowing drain.
  5763 | Sewer    | Entered a sewer
  5927 | Sewer    | Reached skill level 5 in Hexes
  5997 | D:5      | HP: 9/41 [white imp (4)]
  5997 | D:5      | HP: 3/41 [white imp (3)]
  6124 | D:5      | Identified a +0 war axe
  6124 | D:5      | Identified a +2 robe
  6124 | D:5      | Noticed Dowan
  6125 | D:5      | Identified a +3 short sword of freezing
  6125 | D:5      | Identified a +2 scale mail of cold resistance
  6125 | D:5      | Noticed Duvessa
  6126 | D:5      | Identified a +0 dagger
  6126 | D:5      | Identified a +0 leather armour
  6138 | D:5      | Killed Dowan
  6208 | D:5      | Identified a +0 giant spiked club
  6308 | D:4      | Reached skill level 7 in Poison Magic
  6308 | D:4      | Reached XP level 8. HP: 22/46 MP: 3/15
  6426 | D:5      | Identified a +0 shortbow
  6445 | D:5      | HP: 11/46 [scorpion (8)]
  6450 | D:5      | HP: 7/46 [poisoned by a scorpion]
  6454 | D:5      | HP: 2/46 [scorpion (4)]
  6695 | D:5      | Reached skill level 8 in Poison Magic
  7000 | D:5      | Identified a +0 mace
  7001 | D:5      | Identified a +0 hand axe
  7039 | D:5      | Reached skill level 1 in Earth Magic
  7047 | D:5      | Reached skill level 2 in Earth Magic
  7326 | D:5      | Identified a +0 dagger
  7347 | D:5      | Reached skill level 3 in Earth Magic
  7578 | D:5      | Killed Duvessa
  7579 | D:5      | Reached skill level 4 in Earth Magic
  7737 | D:5      | Killed Sigmund
  7738 | D:5      | Reached XP level 9. HP: 51/51 MP: 8/16
  7863 | D:5      | Identified a +0 shortbow
  7874 | D:5      | Reached skill level 5 in Earth Magic
  7953 | D:5      | Reached skill level 6 in Hexes
  8063 | D:5      | Identified a +0 buckler
  8219 | D:3      | Killed Colgate's ghost
  8220 | D:3      | Reached skill level 2 in Conjurations
  8327 | D:6      | Identified a +0 whip
  8327 | D:6      | Identified a +0 leather armour
  8327 | D:6      | Identified a +0 club
  8327 | D:6      | Identified a +0 halberd
  8327 | D:6      | Identified a +0 halberd
  8531 | D:6      | Identified a +0 war axe
  8531 | D:6      | Identified +0 steam dragon scales
  8531 | D:6      | Noticed Maggie
  8545 | D:6      | Killed Maggie
  8546 | D:6      | Reached skill level 4 in Conjurations
  8551 | D:6      | HP: 11/51 [ice beast (8)]
  8556 | D:6      | Found a staircase to the Ecumenical Temple.
  8599 | D:6      | Identified a +0 glaive
  8599 | D:6      | Identified a +0 chain mail
  8600 | D:6      | Identified a +0 club
  8608 | D:6      | Identified a +0 dagger
  8608 | D:6      | Identified a +0 dagger
  8608 | D:6      | Identified a +0 whip
  8639 | D:5      | HP: 12/51 [ice beast (4)]
  8639 | D:5      | HP: 3/51 [ice beast (9)]
  9196 | D:5      | Reached skill level 5 in Conjurations
  9452 | Temple   | Entered the Ecumenical Temple
  9514 | Temple   | Became a worshipper of Vehumet
  9704 | D:6      | Found Bunwygeuxi's Magic Scroll Shop.
  9712 | D:6      | Bought a scroll of identify for 28 gold pieces
  9712 | D:6      | Bought a scroll of teleportation for 42 gold pieces
  9712 | D:6      | Identified 4 potions of flight
  9725 | D:6      | Reached skill level 6 in Conjurations
  9732 | D:6      | Identified 2 potions of haste
  9816 | D:6      | Reached skill level 7 in Conjurations
  9821 | D:6      | Reached XP level 10. HP: 41/56 MP: 6/17
  9908 | D:6      | Identified a +0 chain mail
 10004 | D:6      | Reached skill level 8 in Conjurations
 10034 | D:6      | Identified a scroll of fear
 10322 | D:6      | Identified a +0 spear
 10324 | D:6      | Identified a +0 barding
 10364 | D:7      | Identified a +0 flail
 10371 | D:7      | Identified a +0 morningstar of protection
 10372 | D:7      | Identified a +0 mace
 10542 | D:7      | Identified a +0 hand axe
 10542 | D:7      | Identified a +0 leather armour
 10618 | D:7      | HP: 7/56 [electric eel/bolt of electricity (15)]
 10633 | D:7      | Killed from afar by an electric eel

Table legend: (Time is in decaauts)
 A = Elapsed time spent in this place.
 B = Non-inter-level travel time spent in this place.
 C = Inter-level travel time spent in this place.
 D = Time resting spent in this place.
 E = Time spent auto-exploring this place.
 F = Levels seen in this place.
 G = Mean time per level.
                   A        B        C        D        E       F      G
               +--------+--------+--------+--------+--------+-----+--------+
         Total |  10729 |   9959 |    770 |   1466 |   6629 |   9 | 1192.1 |
       Dungeon |  10421 |   9671 |    750 |   1466 |   6427 |   7 | 1488.7 |
        Temple |     83 |     63 |     20 |      0 |     44 |   1 |   83.0 |
         Sewer |    224 |    224 |      0 |      0 |    158 |   1 |  224.0 |
               +--------+--------+--------+--------+--------+-----+--------+

Top non-repeatable levels by time:
     D:4: 2895 daAuts
     D:5: 2451 daAuts
     D:1: 1712 daAuts
     D:6: 1329 daAuts
     D:3: 1025 daAuts
     D:2: 890 daAuts
   Sewer: 224 daAuts
     D:7: 117 daAuts
  Temple: 83 daAuts

Table legend:
 A = Kills in this place as a percentage of kills in entire the game.
 B = Kills by you in this place as a percentage of kills by you in the entire game.
 C = Kills by friends in this place as a percentage of kills by friends in the entire game.
 D = Other kills in this place as a percentage of other kills in the entire game.
 E = Experience gained in this place as a percentage of experience gained in the entire game.
 F = Experience gained in this place divided by the number of levels of this place that you have seen.
                   A       B       C       D       E      F
               +-------+-------+-------+-------+-------+----------------------
         Total | 100.0 | 100.0 |   N/A | 100.0 | 100.0 | 573.3
       Dungeon |  97.0 |  97.0 |   N/A | 100.0 |  99.0 | 730.0
         Sewer |   3.0 |   3.0 |   N/A |   0.0 |   1.0 |  50.0
               +-------+-------+-------+-------+-------+----------------------

Skill      XL: |  1  2  3  4  5  6  7  8  9 10 |
---------------+-------------------------------+-----
Poison Magic   | 4 5 6 7 8 |  8.2
Spellcasting   | 3 4 5 |  5.1
Hexes          | 2 5 6 |  6.4
Earth Magic    | 4 5 |  5.1
Conjurations   | 7 8 |  8.0
Dodging        | |  2.0
Stealth        | |  2.6
Transmutations | |  1.0

Action                   |  1- 3 |  4- 6 |  7- 9 | 10-12 || total
-------------------------+-------+-------+-------+-------++-------
Melee: Whip              |     7 |       |       |       ||     7
       Unarmed           |     6 |       |       |       ||     6
       Constrict         |    21 |    20 |    16 |     1 ||    58
       Tentacles         |    10 |    19 |    23 |       ||    52
       Punch             |     2 |       |       |       ||     2
       Trident           |    78 |    54 |       |       ||   132
       Mace              |       |    28 |   108 |    14 ||   150
 Cast: Sting             |     5 |       |       |       ||     5
       Poisonous Vapours |     8 |    22 |    61 |    11 ||   102
       Mephitic Cloud    |       |     2 |    11 |     1 ||    14
       Olgreb's Toxic Ra |       |     3 |     8 |       ||    11
       Ensorcelled Hiber |       |       |     4 |       ||     4
       Passwall          |       |       |     1 |       ||     1
Evoke: Wand              |       |     1 |    16 |     5 ||    22
  Use: Scroll            |       |       |     7 |     3 ||    10
       Potion            |       |       |     4 |       ||     4
 Stab: Sleeping          |    16 |    12 |     2 |     1 ||    31
       Confused          |       |       |     2 |       ||     2
Armor: Skin              |     2 |     5 |     3 |       ||    10
Dodge: Dodged            |    51 |    48 |    72 |     9 ||   180

Vanquished Creatures
  Maggie (D:6)
  Sigmund (D:5)
  Eustachio (D:5)
  4 yaks (D:6)
  The ghost of Colgate the Conjurer, an amateur DsCj (D:3)
  A water moccasin (D:6)
  Duvessa (D:5)
  2 ice beasts
  2 black bears
  A sky beast (D:5)
  An orc warrior (D:6)
  A necrophage (D:6)
  An ogre (D:4)
  2 centaurs (D:5)
  4 phantoms (D:5)
  Blork the orc (D:4)
  A bullfrog (D:3)
  2 scorpions
  Dowan (D:5)
  An electric eel (D:7)
  A gnoll shaman (D:6)
  Crazy Yiuf (D:4)
  A jelly (D:6)
  4 orc priests
  3 iguanas
  An orc wizard (D:5)
  A hell rat (Sewer)
  12 adders
  3 gnolls (D:6)
  2 river rats
  A shadow imp (D:5)
  2 white imps
  3 dart slugs
  12 orcs
  4 endoplasms
  5 giant cockroaches
  9 goblins
  10 hobgoblins
  12 jackals
  4 quokkas
  12 ball pythons
  11 bats
  5 frilled lizards
  6 kobolds
  11 rats
166 creatures vanquished.

Vanquished Creatures (others)
  A fungus (D:4)
  15 plants
16 creatures vanquished.

Grand Total: 182 creatures vanquished
